 Dungeon Crawl Stone Soup version 0.22.2-1-ge965b3a (webtiles) character file.

88 smallpebble the Chopper (level 4, -2/40 HPs)
             Began as a Hill Orc Fighter on Apr 10, 2019.
             Slain by a wight
             ... wielding a cursed +5 scimitar
              (13 damage)
             ... on level 1 of the Dungeon.
             The game lasted 00:06:31 (2185 turns).

smallpebble the Chopper (Hill Orc Fighter)          Turns: 2185, Time: 00:06:31

Health: -2/40      AC:  6    Str: 19    XL:     4   Next: 54%
Magic:  4/4        EV:  6    Int:  8    God:
Gold:   88         SH:  8    Dex: 10    Spells: 3/3 levels left

rFire    . . .     SeeInvis .   a - +0 war axe
rCold    . . .     Gourm    .   c - +0 shield
rNeg     . . .     Faith    .   b - +0 scale mail
rPois    .         Spirit   .   (no helmet)
rElec    .         Reflect  .   (no cloak)
rCorr    .         Harm     .   (no gloves)
MR       .....                  (no boots)
Stlth    ..........             (no amulet)
HPRegen  0.13/turn              (no ring)
MPRegen  0.09/turn              (no ring)

@: heavily drained
A: no striking features
a: no special abilities


You were on level 1 of the Dungeon.
You were not hungry.

You visited 1 branch of the dungeon, and saw 2 of its levels.

You collected 88 gold pieces.

Inventory:

Hand Weapons
 a - a +0 war axe (weapon)
Armour
 b - a +0 scale mail (worn)
 c - a +0 shield (worn)
Scrolls
 h - 2 scrolls of enchant weapon {unknown}
 j - a scroll of teleportation {unknown}
Potions
 d - a potion of might
 e - a potion of degeneration {unknown}
 g - a potion of cancellation {unknown}
 i - a potion of agility {unknown}
 k - a potion of resistance {unknown}
 l - a potion of brilliance {unknown}
 m - a potion of curing {unknown}
Comestibles
 f - 6 rations


   Skills:
 + Level 4.1(1.9) Fighting
 + Level 4.3(2.1) Axes
 + Level 4.0(1.8) Armour
 + Level 0.4(0.0) Dodging
 + Level 3.7(1.5) Shields


You had 3 spell levels left.
You didn't know any spells.
Your spell library was empty.

Dungeon Overview and Level Annotations

Branches:
Dungeon (2/15)

Altars:
Elyvilon
Fedhas

Annotations:
D:2 Robin


Message History

The hobgoblin hits you.
You climb upwards.
There is a stone staircase leading down here.
Things that are here:
a dagger of venom; a club The wight hits you with an enchanted scimitar.
You feel drained. You block the goblin's attack.
You slash the wight!
The wight is heavily damaged.
The wight closely misses you.
You barely miss the wight.
The wight is heavily damaged.
You block the wight's attack.
The wight hits you with an enchanted scimitar.
You feel drained.
* * * LOW HITPOINT WARNING * * *
You hit the wight.
The wight is heavily damaged.
The wight hits you with an enchanted scimitar!
You die...

# #...#.# #..###.... # #.#.#.#
#).# #.... # #.#...# #..# #....
######## #.##..#####..# #....
.......# #.##.>....#..# ##..#
..####.# ###.###..##.#..# #รท.#
#.#....# #...#gg..##.#..# #..#
#.#.##.# #.###z#..##....# #...
#.#.##.# ##.#.#@#####.#..####.##
..#....# #..........#.#..##....#
###.#### #..###.###.#.#..##....#
....# #.......##.#.#........#
##..#######.#####....#.#.........
#..).......# #)..##.#..##)....
##.########## ###.##.#..##..<.#
...# #.##z#..##....# ..##
#...)#..##....#


You could see a wight, a hobgoblin and a goblin.

Vanquished Creatures
  4 adders (D:2)
  An ooze (D:2)
  2 leopard geckos
  A giant cockroach (D:2)
  10 goblins
  5 hobgoblins
  2 jackals (D:2)
  A quokka (D:1)
  6 bats
  3 frilled lizards
  6 kobolds
  6 rats
47 creatures vanquished.

Vanquished Creatures (others)
  A quokka (D:2)
1 creature vanquished.

Grand Total: 48 creatures vanquished

Notes
Turn   | Place    | Note
-------+----------+-------------------------------------------
     0 | D:1      | smallpebble the Hill Orc Fighter began the quest for the
                  | Orb.
     0 | D:1      | Reached XP level 1. HP: 19/19 MP: 1/1
   167 | D:1      | Reached XP level 2. HP: 27/27 MP: 2/2
   923 | D:2      | Reached XP level 3. HP: 24/33 MP: 3/3
  1462 | D:2      | Reached XP level 4. HP: 40/40 MP: 4/4
  1517 | D:2      | Found a white marble altar of Elyvilon.
  1546 | D:2      | Found a blossoming altar of Fedhas.
  1825 | D:2      | Noticed Robin
  1853 | D:2      | HP: 2/40 [wight/great sword (2)]
  2185 | D:1      | Slain by a wight

Skill      XL: |  1  2  3 |
---------------+----------+-----
Axes           | 3 4 |  4.3
Fighting       | 4 |  4.1
Armour         | 4 |  4.0
Dodging        | |  0.4
Shields        | |  3.7

Action                   |  1- 3 |  4- 6 || total
-------------------------+-------+-------++-------
Melee: War axe           |   103 |    65 ||   168
  Eat: Ration            |     1 |       ||     1
       Chunk             |     1 |       ||     1
Armor: Scale mail        |    63 |    23 ||    86
Dodge: Dodged            |    33 |    18 ||    51
Block: Shield            |    63 |    31 ||    94
